 Dungeon Crawl Stone Soup version 0.20.1-1-g8b1a95d (webtiles) character file.

1540 Schiappus the Chopper (level 8, -5/78 HPs)
             Began as a Troll Berserker on Nov 1, 2017.
             Was an Elder of Trog.
             Slain by an orc warrior
             ... wielding a +0 dire flail
              (15 damage)
             ... on level 7 of the Dungeon.
             The game lasted 00:24:40 (5469 turns).

Schiappus the Chopper (Troll Berserker)             Turns: 5469, Time: 00:24:41

Health: -5/78      AC:  5    Str: 26    XL:     8   Next: 56%
Magic:  7/7        EV: 12    Int:  4    God:    Trog [****..]
Gold:   37         SH:  0    Dex: 12    Spells: 7/7 levels left

rFire    . . .     SeeInvis .   n - +0 battleaxe (chop)
rCold    . . .     Gourm    +   (shield currently unavailable)
rNeg     . . .     Faith    .   q - +0 robe
rPois    +         Spirit   .   (helmet restricted)
rElec    .         Reflect  .   (no cloak)
rCorr    .         Harm     .   (gloves unavailable)
MR       .....                  (boots unavailable)
Stlth    ++........             (no amulet)
Regen    0.7/turn               (no ring)
MPRegen  0.1/turn               (no ring)

@: no status effects
A: unfitting armour, claws 3, horns 1, agile 1, fast metabolism 3, gourmand,
poison resistance, regeneration 1, shaggy fur 1, tough skin 2, subdued magic 1
a: Berserk, Trog's Hand, Brothers in Arms, Burn Spellbooks, Renounce Religion


You were on level 7 of the Dungeon.
You worshipped Trog.
Trog was greatly pleased with you.
You were completely stuffed.

You visited 1 branch of the dungeon, and saw 7 of its levels.

You collected 312 gold pieces.
You spent 275 gold pieces at shops.

Inventory:

Hand Weapons
 n - a +0 battleaxe of chopping (weapon)
Armour
 q - a +0 robe (worn)
Wands
 k - a wand of digging (18/24)
 l - a wand of enslavement (19/24)
 s - a wand of polymorph (13/24)
 u - a wand of random effects (22/48)
Scrolls
 a - a scroll of silence
 d - a scroll of blinking
 e - 3 scrolls of remove curse
 o - a scroll of enchant armour
 r - a scroll of identify
Potions
 b - a potion of agility
 g - a potion of might
 i - 4 potions of heal wounds
 j - 2 potions of resistance
 m - 2 potions of haste
 p - 2 potions of curing
Comestibles
 c - 9 bread rations
 f - 2 meat rations
 t - 2 royal jellies


   Skills:
 + Level 4.2 Fighting
 + Level 6.8 Axes
 + Level 4.8 Dodging
 + Level 2.0 Stealth


You had 7 spell levels left.
You didn't know any spells.

Dungeon Overview and Level Annotations

Branches:
Dungeon (7/15)
 Temple: D:4-7

Altars:

Shops:
D:5 }(


Innate Abilities, Weirdness & Mutations

You are too large for most types of armour.
You have claws for hands.
Your metabolism is lightning-fast.
You like to eat raw meat.
Your natural rate of healing is unusually fast.
You are covered in fur. (AC +1)
You have very tough skin. (AC +2)
You have a pair of small horns on your head.
You are agile. (Dex +2)
Your system is resistant to poisons. (rPois)
Your spells are a little easier to cast, but a little less powerful.


Message History

Trog accepts your kill.
You start resting.
Eating one of 2 chunks of flesh.
You eat one of the 2 chunks of flesh.
This raw flesh tastes great.
All of the chunks of flesh in your inventory have rotted away.
HP restored.
Found a potion of lignification.
You see here a potion of lignification.
An orc warrior comes into view. It is wielding a dire flail.
The orc warrior shouts!
The orc warrior drinks a potion.
The orc warrior flickers and vanishes!
Deactivating autopickup; reactivate with Ctrl-A.
You closely miss something. Something hits you!
You closely miss something. Something hits you!
Something hits you but does no damage.
You barely miss something. Something hits you!!
You hear a shout!
You miss something. Something hits you!
* * * LOW HITPOINT WARNING * * *
You hit something but do no damage. You headbutt something. Something hits you!
You die...

## .# .# ##.##
######...#
#....@.#
#o####...#
.......#.####.##
.#..#.###.###.#
# ..# ##....#
#.# ##.##### #.
#.#.##### #
#......#
######.#


You could see an orc.

Vanquished Creatures
  A black bear (D:6)
  A phantom (D:6)
  An ice beast (D:5)
  A centaur (D:6)
  3 ogres
  A bullfrog (D:6)
  A howler monkey (D:4)
  5 crimson imps
  A quasit (D:6)
  An orc wizard (D:4)
  A centaur skeleton (D:7)
  3 hounds
  A bullfrog skeleton (D:4)
  An iguana (D:5)
  7 worker ants
  A hound zombie (D:5)
  A worker ant zombie (D:6)
  8 adders
  A shadow imp (D:5)
  2 oozes
  An adder zombie (D:7)
  3 worms
  6 dart slugs
  8 leopard geckos
  11 orcs
  5 bats
  3 giant cockroaches
  6 goblins
  12 hobgoblins
  17 jackals
  5 quokkas
  3 ball pythons
  5 frilled lizards
  13 kobolds
  2 leopard gecko skeletons (D:5)
  A quokka skeleton (D:5)
  5 rats
148 creatures vanquished.

Notes
Turn   | Place    | Note
-------+----------+-------------------------------------------
     0 | D:1      | Schiappus the Troll Berserker began the quest for the Orb.
     0 | D:1      | Reached XP level 1. HP: 22/22 MP: 0/0
   187 | D:1      | Reached XP level 2. HP: 29/29 MP: 1/1
   849 | D:1      | Reached XP level 3. HP: 36/36 MP: 2/2
   890 | D:1      | Gained mutation: Your muscles are strong. (Str +2) [potion of mutation]
   890 | D:1      | Gained mutation: You are partially covered in slimy green scales. (AC +2) [potion of mutation]
   890 | D:1      | Gained mutation: Your skin changes colour to match your surroundings (Stealth+). [potion of mutation]
   967 | D:2      | Reached skill level 3 in Axes
  1158 | D:2      | Reached XP level 4. HP: 44/44 MP: 3/3
  1311 | D:2      | Reached ** piety under Trog
  1954 | D:3      | Reached XP level 5. HP: 52/53 MP: 4/4
  2157 | D:3      | Reached *** piety under Trog
  3135 | D:4      | Reached skill level 1 in Stealth
  3200 | D:4      | Reached skill level 4 in Axes
  3292 | D:4      | Reached XP level 6. HP: 42/61 MP: 5/5
  3748 | D:5      | Entered Level 5 of the Dungeon
  4074 | D:5      | Found Jauqiupn's Gadget Boutique.
  4074 | D:5      | Noticed an ice beast
  4089 | D:5      | Killed an ice beast
  4089 | D:5      | Reached XP level 7. HP: 46/67 MP: 6/6
  4170 | D:5      | Reached skill level 5 in Axes
  4187 | D:5      | Reached **** piety under Trog
  4272 | D:5      | Found Ahalofoesa's Antique Weapon Shoppe.
  4277 | D:5      | Bought a glowing battleaxe for 275 gold pieces
  4605 | D:6      | Lost mutation: Your muscles are strong. (Str +2) [potion of mutation]
  4605 | D:6      | Lost mutation: Your skin changes colour to match your surroundings (Stealth+). [potion of mutation]
  4605 | D:6      | Lost mutation: You are partially covered in slimy green scales. (AC +2) [potion of mutation]
  4605 | D:6      | Gained mutation: Your system is resistant to poisons. (rPois) [potion of mutation]
  4605 | D:6      | Gained mutation: Your spells are a little easier to cast, but a little less powerful. [potion of mutation]
  4605 | D:6      | Gained mutation: You have a pair of small horns on your head. [potion of mutation]
  4605 | D:6      | Gained mutation: You are agile. (Dex +2) [potion of mutation]
  4946 | D:6      | Reached XP level 8. HP: 78/78 MP: 7/7
  5010 | D:6      | Reached skill level 6 in Axes
  5469 | D:7      | Slain by an orc warrior

Skill      XL: |  1  2  3  4  5  6  7  8 |
---------------+-------------------------+-----
Axes           | 3 4 5 6 |  6.8
Dodging        | 3 4 |  4.8
Fighting       | 3 4 |  4.2
Stealth        | 1 2 |  2.0

Action                   |  1- 3 |  4- 6 |  7- 9 || total
-------------------------+-------+-------+-------++-------
Melee: Hand axe          |    93 |   236 |       ||   329
       War axe           |       |    85 |    33 ||   118
       Battleaxe         |       |       |   109 ||   109
       Headbutt          |       |       |    13 ||    13
Invok: Burn Spellbooks   |       |       |     1 ||     1
  Use: Scroll            |     4 |     5 |     2 ||    11
       Potion            |     3 |     2 |     1 ||     6
 Stab: Sleeping          |     4 |     6 |     4 ||    14
  Eat: Chunk             |    16 |    26 |    15 ||    57
Armor: Animal skin       |    32 |   124 |       ||   156
       Robe              |       |    17 |    76 ||    93
Dodge: Dodged            |    49 |   197 |   120 ||   366
